 Dungeon Crawl Stone Soup version 0.22-a0-32-ga749362 (webtiles) character file.

1003 galech the Ruffian (level 8, -9/75 HPs)
             Began as a Troll Monk on Jan 3, 2018.
             Was a Believer of Okawaru.
             Shot with an arrow by a centaur (14 damage)
             ... on level 5 of the Dungeon.
             The game lasted 00:10:56 (3923 turns).

galech the Ruffian (Troll Monk)                     Turns: 3923, Time: 00:10:57

Health: -9/75      AC:  5    Str: 22    XL:     8   Next: 0%
Magic:  7/7        EV: 11    Int:  6    God:    Okawaru [**....]
Gold:   188        SH:  0    Dex: 10    Spells: 7/7 levels left

rFire    . . .     SeeInvis .     - Unarmed
rCold    . . .     Gourm    +   (no shield)
rNeg     . . .     Faith    .   a - +0 robe
rPois    .         Spirit   .   (helmet restricted)
rElec    .         Reflect  .   (no cloak)
rCorr    .         Harm     .   (gloves unavailable)
MR       .....                  (boots unavailable)
Stlth    ++........             (no amulet)
HPRegen  0.62/turn              (no ring)
MPRegen  0.10/turn              (no ring)

@: marked
A: large, unfitting armour, claws 3, hooves 1, horns 1, clumsy 1, fast
metabolism 3, gourmand, regeneration 1, shaggy fur 1, tough skin 2
a: Heroism, Renounce Religion


You were on level 5 of the Dungeon.
You worshipped Okawaru.
Okawaru was pleased with you.
You were very full.

You visited 2 branches of the dungeon, and saw 6 of its levels.
You also visited: Sewer.

You collected 266 gold pieces.
You spent 78 gold pieces at shops.

Inventory:

Armour
 a - a +0 robe (worn)
Jewellery
 d - an uncursed amulet of guardian spirit {unknown}
Wands
 i - a wand of iceblast (8)
Scrolls
 c - 3 scrolls of remove curse
 h - a scroll of immolation
 k - a scroll of enchant weapon
 m - a scroll of teleportation
 n - a scroll of identify
 p - 5 scrolls of fear
 r - 3 scrolls of magic mapping
Potions
 e - 5 potions of curing
 f - a potion of brilliance
 g - a potion of lignification {unknown}
 j - 2 potions of resistance
 l - 2 potions of heal wounds
 o - 3 potions of flight
 q - 2 potions of magic {unknown}
Comestibles
 b - 9 rations


   Skills:
 + Level 3.3 Fighting
 + Level 4.2 Dodging
 + Level 2.2 Stealth
 + Level 7.5 Unarmed Combat


You had 7 spell levels left.
You didn't know any spells.

Dungeon Overview and Level Annotations

Branches:
Dungeon (5/15)             Temple (1/1) D:5

Altars:
Cheibriados
Fedhas
Gozag
Nemelex Xobeh
Okawaru
Sif Muna
Yredelemnul
Zin

Shops:
D:4 ?


Innate Abilities, Weirdness & Mutations

You are too large for most types of armour.
You have claws for hands.
Your metabolism is lightning-fast.
You like to eat raw meat.
Your natural rate of healing is unusually fast.
You are covered in fur. (AC +1)
You have very tough skin. (AC +2)
You have large cloven feet.
You have a pair of small horns on your head.
You are clumsy. (Dex -2)


Message History

You have reached level 8!
An orc comes into view. It is wielding a hand axe.
You closely miss something. Your headbutt misses something. Something hits you.
Something shocks you.
You closely miss something. You kick something.
Something hits you but does no damage.
A centaur comes into view.
You closely miss something.
The centaur wields a shortbow.
The centaur shoots an arrow.
The arrow hits you but does no damage. Something hits you.
Something shocks you.
You scratch something.
The centaur shoots an arrow.
The arrow hits you. Something hits you. Something shocks you.
The centaur shoots an arrow.
The arrow hits you!
* * * LOW HITPOINT WARNING * * *
You closely miss something. Your kick misses something.
The centaur shoots an arrow.
The arrow hits you!
* * * LOW HITPOINT WARNING * * *
You miss something. Something hits you but does no damage.
The centaur shoots an arrow.
The arrow hits you!
You die...

.....8#.#.#.#.##...
....##.....#.##.##
#...##.#.###.##.#
##...##.#.# #.##.#
#8...8#>#.###.##.#
#...##..........#
#.c.............##
#.##..............
#@##..............
#######{##...........###
W.c.l.Jl..........(..#
######c###...........#
#o #...........# #.
#...........# #.
############# #. #.


You could see 2 centaurs, a jelly, an orc and a leopard gecko.

Vanquished Creatures
  Sigmund (D:4)
  A sky beast (D:5)
  A necrophage (D:5)
  An ogre (D:3)
  2 big kobolds (Sewer)
  A crimson imp (D:5)
  2 hounds
  2 orc priests (D:4)
  An orc wizard (D:4)
  A worker ant zombie (D:5)
  3 gnolls
  10 adders
  2 river rats
  An adder skeleton (D:5)
  8 worms
  4 dart slugs
  2 leopard geckos (D:3)
  5 orcs (D:4)
  4 ball pythons
  2 bats
  3 giant cockroaches
  4 hobgoblins
  10 jackals
  13 kobolds
  2 quokkas (D:2)
  7 frilled lizards
  5 goblins
  7 rats
105 creatures vanquished.

Notes
Turn   | Place    | Note
-------+----------+-------------------------------------------
     0 | D:1      | galech the Troll Monk began the quest for the Orb.
     0 | D:1      | Reached XP level 1. HP: 22/22 MP: 0/0
   118 | D:1      | Reached XP level 2. HP: 29/29 MP: 1/1
   775 | D:2      | Reached XP level 3. HP: 27/36 MP: 2/2
   838 | D:2      | Reached skill level 4 in Unarmed Combat
   935 | D:2      | Found a faded altar of an unknown god.
  1055 | D:2      | Reached XP level 4. HP: 39/44 MP: 3/3
  1704 | D:3      | Found a blossoming altar of Fedhas.
  1705 | D:3      | Noticed an ogre
  1712 | D:3      | Killed an ogre
  1712 | D:3      | Reached XP level 5. HP: 14/53 MP: 4/4
  1720 | D:3      | Reached skill level 5 in Unarmed Combat
  1822 | D:3      | Found a glowing drain.
  1856 | Sewer    | Entered a sewer
  2006 | Sewer    | Reached XP level 6. HP: 61/61 MP: 5/5
  2148 | Sewer    | Gained mutation: You are clumsy. (Dex -2) [potion of mutation]
  2148 | Sewer    | Gained mutation: You have large cloven feet. [potion of mutation]
  2148 | Sewer    | Gained mutation: You have a pair of small horns on your head. [potion of mutation]
  2261 | D:3      | Found an opulent altar of Gozag.
  2703 | D:4      | Reached skill level 6 in Unarmed Combat
  2822 | D:4      | Reached XP level 7. HP: 64/67 MP: 6/6
  3069 | D:4      | Found a glowing silver altar of Zin.
  3162 | D:4      | Found Jamebeiz's Magic Scroll Shop.
  3167 | D:4      | Bought a scroll of identify for 26 gold pieces
  3167 | D:4      | Bought a scroll of identify for 26 gold pieces
  3167 | D:4      | Bought a scroll of identify for 26 gold pieces
  3202 | D:4      | Noticed Sigmund
  3206 | D:4      | Killed Sigmund
  3640 | D:5      | Entered Level 5 of the Dungeon
  3646 | D:5      | Reached skill level 7 in Unarmed Combat
  3823 | D:5      | Found a staircase to the Ecumenical Temple.
  3834 | Temple   | Entered the Ecumenical Temple
  3844 | Temple   | Became a worshipper of Warmaster Okawaru
  3844 | Temple   | Reached * piety under Okawaru
  3844 | Temple   | Reached ** piety under Okawaru
  3917 | D:5      | Reached XP level 8. HP: 51/75 MP: 7/7
  3923 | D:5      | Shot with an arrow by a centaur

Vault maps used:
D:1:      eino_arrival_druids_welcome
D:2:      chequers_ecumenical_altar_lobes
D:3:      old_standard_altar, portal_sewer_entry_a,
          nicolae_gozag_cash_rules_everything_around_me
D:4:      lemuel_upstairs_altar, lemuel_crystal_altar, serial_shops, shop,
          first_ration, uniq_sigmund
D:5:      temple_green, serial_corexii_hall, corexii_hall_statues_l,
          corexii_hall_statues_u, st_stairs_10, lemuel_statue_altar
Temple:   hc_temple_tempest_star
Sewer:    sewer_co_15_rooms

Skill      XL: |  1  2  3  4  5  6  7 |
---------------+----------------------+-----
Unarmed Combat | 4 5 6 7 |  7.5
Dodging        | 3 4 |  4.2
Fighting       | 3 |  3.3
Stealth        | 2 |  2.2

Action                   |  1- 3 |  4- 6 |  7- 9 || total
-------------------------+-------+-------+-------++-------
Melee: Unarmed           |    62 |   154 |    69 ||   285
       Punch             |     2 |     2 |     1 ||     5
       Kick              |       |     6 |    20 ||    26
       Headbutt          |       |     3 |    12 ||    15
  Use: Potion            |       |     7 |       ||     7
       Scroll            |       |       |     6 ||     6
 Stab: Sleeping          |       |     6 |     1 ||     7
  Eat: Chunk             |    15 |    17 |     8 ||    40
Armor: Robe              |    19 |    45 |    17 ||    81
Dodge: Dodged            |    32 |    88 |    32 ||   152

Table legend:
 A = Spawn XP
 B = Non-spawn XP
 C = Spawn XP percentage of total XP
 D = Spawn monster count
 E = Non-spawn monster count
 F = Spawn count percentage of total count
 G = Total turns spent on level
                    A         B        C        D         E        F      G
               +---------+---------+-------+---------+---------+-------+---------
         Total |       0 |    1434 |   0.0 |       0 |     105 |   0.0 |  3923
               +---------+---------+-------+---------+---------+-------+---------
           D:1 |       0 |      65 |   0.0 |       0 |      21 |   0.0 |   729
           D:2 |       0 |      80 |   0.0 |       0 |      18 |   0.0 |   850
           D:3 |       0 |     183 |   0.0 |       0 |      19 |   0.0 |   717
           D:4 |       0 |     426 |   0.0 |       0 |      15 |   0.0 |  1014
           D:5 |       0 |     380 |   0.0 |       0 |      12 |   0.0 |   261
         Sewer |       0 |     300 |   0.0 |       0 |      20 |   0.0 |   330
               +---------+---------+-------+---------+---------+-------+---------
